Map: Chain of Ascension

Players

Alebay

  • Race: Protoss Protoss
  • Spawn Location: 11:00

MattBarry

  • Race: Zerg Zerg

VOD

Have the link to the VOD?

Description

Time

  • Played on: Dec. 26, 2022, 12:16 a.m.
  • Length: 25:33
Show
View Real Time Build Order
Export as new Build Order

Alebay Protoss 

Build Orders:  

Get SALT Encoding   

  12  0:04  Probe (Chrono Boost)  
  13  0:18  Probe (Chrono Boost)  
  14  0:27  Pylon  
  14  0:32  Probe (Chrono Boost)  
  15  0:51  Probe (Chrono Boost)  
  15  0:57  Pylon  
  16  1:05  Probe (Chrono Boost)  
  16  1:06  Assimilator  
  17  1:19  Probe (Chrono Boost)  
  18  1:33  Probe (Chrono Boost)  
  19  1:46  Gateway  
  19  1:47  Probe (Chrono Boost)  
  20  1:51  Forge  
  20  2:01  Probe (Chrono Boost)  
  21  2:14  Probe (Chrono Boost)  
  22  2:28  Probe (Chrono Boost)  
  23  2:38  Gateway  
  23  2:40  Pylon  
  23  2:42  Probe (Chrono Boost)  
  24  3:02  Assimilator  
  24  3:04  Protoss Ground Weapons Level 1  
  24  3:16  Cybernetics Core  
  24  3:21  Probe (Chrono Boost)  
  25  3:35  Zealot  
  27  3:51  Zealot  
  29  4:20  Probe (Chrono Boost)  
  30  4:34  Probe (Chrono Boost)  
  30  4:38  Photon Cannon  
  31  4:45  Photon Cannon  
  31  5:05  Dragoon  
  31  5:06  Dragoon  
  35  5:33  Pylon  
  35  5:34  Pylon  
  35  5:36  Pylon  
  35  5:56  Dragoon x2  
  39  6:18  Gateway  
  39  6:20  Gateway  
  39  7:30  Dragoon x2  
  39  7:31  Dragoon x2  
  47  8:28  Dragoon x2  
  47  8:29  Dragoon x2  
  55  9:02  Dragoon  
  55  9:03  Dragoon x3  
  63  9:10  Protoss Air Weapons Level 1  
  49  10:27  Dragoon x2  
  49  10:28  Dragoon x2  
  47  11:04  Dragoon x4  
  55  11:50  Protoss Air Armor Level 1  
  55  12:11  Dragoon x4  
  63  13:01  Twilight Council  
  63  13:10  Stargate  
  61  14:43  Dragoon  
  63  14:51  Nexus  
  63  14:53  Pylon  
  63  14:56  Pylon  
  63  14:58  Pylon  
  63  15:00  Pylon x2  
  63  15:03  Pylon  
  63  15:07  Pylon  
  61  15:41  Dragoon x3  
  61  15:42  Dragoon  
  69  15:51  Singularity Charge  
  69  15:53  Protoss Air Weapons Level 2  
  69  15:55  Protoss Ground Armor Level 1  
  53  16:14  Dragoon  
  51  17:05  Probe (Chrono Boost)  
  51  17:07  Probe (Chrono Boost)  
  53  17:19  Probe (Chrono Boost)  
  54  17:21  Probe (Chrono Boost)  
  55  17:33  Probe (Chrono Boost)  
  55  17:35  Probe (Chrono Boost)  
  57  17:46  Probe (Chrono Boost)  
  57  17:49  Probe (Chrono Boost)  
  59  18:00  Probe (Chrono Boost)  
  59  18:03  Probe (Chrono Boost)  
  61  18:28  Dragoon  
  61  18:29  Dragoon x3  
  69  18:38  Assimilator  
  69  18:41  Probe (Chrono Boost)  
  69  18:42  Probe (Chrono Boost)  
  69  18:43  Assimilator  
  71  18:54  Probe (Chrono Boost)  
  71  18:56  Probe (Chrono Boost)  
  73  19:08  Probe (Chrono Boost)  
  74  19:10  Probe (Chrono Boost)  
  75  19:22  Probe (Chrono Boost)  
  75  19:23  Probe (Chrono Boost)  
  77  19:35  Protoss Ground Weapons Level 2  
  77  19:36  Probe (Chrono Boost)  
  77  19:37  Probe (Chrono Boost)  
  77  20:22  Dragoon  
  77  20:23  Dragoon x3  
  81  21:00  Dragoon x3  
  81  21:01  Dragoon  
  87  21:42  Dragoon x4  
  95  22:02  Probe (Chrono Boost)  
  95  22:04  Probe (Chrono Boost)  
  97  22:16  Probe (Chrono Boost)  
  97  22:18  Probe (Chrono Boost)  
  99  22:30  Probe (Chrono Boost)  
  99  22:32  Probe (Chrono Boost)  
  101  22:40  Dragoon x4  
  109  24:04  Dragoon  
  109  24:05  Dragoon x3  
Show
View Real Time Build Order
Export as new Build Order

MattBarry Zerg 

Build Orders:  

Get SALT Encoding   

  18  0:03  Primal Drone  
  19  0:16  Primal Drone  
  19  0:19  Primal Drone  
  21  0:29  Primal Drone  
  22  0:35  Extractor  
  22  0:45  Primal Drone  
  23  0:51  Primal Drone  
  24  1:09  Primal Drone  
  25  1:23  Primal Warden  
  26  1:39  Primal Warden  
  27  1:49  Primal Drone  
  28  1:50  Primal Drone  
  29  2:35  Glevig's Den  
  29  2:38  Primal Drone  
  29  2:40  Primal Drone  
  29  2:41  Primal Drone  
  31  2:58  Extractor  
  31  3:00  Primal Drone x2  
  31  3:02  Primal Attacks Level 1  
  31  3:06  Primal Zergling x2  
  31  3:07  Primal Zergling  
  36  4:22  Primal Hydralisk x2  
  36  4:23  Primal Hydralisk x2  
  36  4:28  Primal Drone x3  
  46  5:04  Primal Hydralisk  
  46  5:07  Primal Hydralisk  
  50  5:10  Primal Roach  
  50  5:11  Primal Zergling, Primal Roach x3  
  50  5:12  Primal Zergling x3  
  60  6:01  Primal Drone  
  60  6:04  Primal Attacks Level 2  
  60  6:54  Murvar's Den  
  59  7:05  Primal Warden x2  
  62  7:17  Primal Drone  
  62  7:18  Primal Drone  
  65  7:31  Primal Wurm  
  65  7:39  Primal Wurm  
  50  8:23  Primal Hydralisk x2  
  50  8:24  Primal Hydralisk x5  
  64  8:31  Primal Hydralisk  
  66  8:53  Primal Igniter x2  
  64  9:20  Primal Roach  
  64  9:21  Primal Roach x6  
  64  9:23  Primal Drone x3  
  76  10:26  Primal Roach  
  76  10:27  Primal Roach x8  
  92  11:12  Primal Igniter  
  92  11:13  Primal Igniter x6  
  92  11:14  Primal Igniter  
  84  11:33  Primal Drone x3  
  84  11:39  Dakrun's Den  
  86  11:41  Primal Drone  
  86  11:42  Primal Drone  
  88  12:22  Primal Hydralisk  
  88  12:23  Primal Hydralisk x5  
  100  13:22  Primal Hydralisk  
  100  13:23  Primal Hydralisk x3  
  108  14:10  Muscular Augments  
  115  14:47  Primal Hive  
  116  15:01  Primal Warden  
  116  15:02  Primal Wurm  
  116  15:03  Primal Warden  
  116  15:05  Primal Wurm  
  117  15:16  Glial Reconstitution  
  105  16:38  Primal Drone x3  
  105  16:39  Primal Drone x2  
  110  16:42  Healing Adaptation  
  110  17:21  Primal Drone x3  
  110  17:22  Primal Drone x2  
  110  17:25  Primal Carapace Level 1  
  110  17:28  Primal Attacks Level 3  
  115  17:37  Primal Zergling x6  
  115  17:38  Primal Zergling x14  
  131  18:31  Primal Zergling x3  
  131  18:32  Primal Zergling x9  
  143  18:42  Ravasaur  
  143  18:43  Ravasaur x6  
  143  18:44  Ravasaur x2  
  143  19:24  Primal Swarm Host  
  143  19:29  Brutal Charge  
  146  19:32  Primal Ultralisk  
  146  19:33  Primal Hydralisk  
  142  20:41  Primal Ultralisk  
  142  20:46  Primal Ultralisk x2  
  160  20:59  Extractor  
  159  22:27  Primal Ultralisk  
  159  22:28  Primal Ultralisk  
  171  22:31  Primal Zergling  
  171  22:33  Primal Roach x7  
  186  22:44  Primal Drone  
  186  22:47  Extractor  
Tags
 
Add a new tag
Caveats
  • Supply blocks, unpowered buildings, or Contaminate may cause inaccurate times.
  • Supply counts are checked every 10 seconds.